AoeStats
← Juyhou

Nomad

507495989Analyzed
3v3 RM · 15d ago on Sep 18, 2026· 35m 49s· 6 players
Game mode
Random Map
Map size
210×210
Population
200
Speed
Normal
Resources
Standard
Victory
Conquest
Starting age
Dark Age
Ending age
Imperial Age
RankedLock teamsTeams togetherTeam positionsShared explorationLock speedFull tech treeHidden civsTurbo modeCheats
Victory
Defeat
🇫🇮 Sicilians · Finland
1697
+10
🇫🇮 Wu · Finland
1637
+12
🇫🇮 Poles · Finland
1581
+15
🇦🇪 Lithuanians · United Arab Emirates
1568
-13
🇺🇸 Koreans · United States
1541
-12
🇦🇪 Inca · United Arab Emirates
1538
-12
Shyles
6:38 Loom
13:01 Feudal Age
14:54 Double-Bit Axe
17:22 Castle Age
16:06 Forging
18:16 Medium Warships
18:43 Iron Casting
18:27 Bow Saw
21:23 Squires
24:35 Husbandry
24:16 Demolition Ship
27:55 Fishing Lines
31:15 Gillnets
31:18 Fletching
32:02 Bloodlines
34:08 Light Cavalry
35:40 Wheelbarrow
Juyhou
4:55 Loom
13:40 Feudal Age
14:52 Double-Bit Axe
17:26 Castle Age
16:07 Fishing Lines
18:23 Medium Warships
18:11 Gillnets
19:06 Bow Saw
20:25 Town Watch
22:53 Forging
22:21 Light Cavalry
23:11 Devotion
24:41 Scale Barding Armor
25:05 Gold Mining
25:58 Bloodlines
26:30 Wheelbarrow
30:48 Imperial Age
29:50 Chain Barding Armor
30:42 First Crusade
30:38 Husbandry
32:14 Plate Barding Armor
31:43 Scale Mail Armor
32:11 Conscription
31:14 Elite Serjeant
32:49 Chain Mail Armor
33:09 Plate Barding Armor
33:14 Squires
33:00 Arson
33:51 Cavalier
35:04 Plate Mail Armor
35:25 Gold Shaft Mining
34:42 Stone Mining
35:54 Iron Casting
36:10 Conscription
Pyrrhos
12:52 Feudal Age
12:06 Loom
13:41 Double-Bit Axe
16:45 Town Watch
20:48 Castle Age
18:45 Fishing Lines
19:15 Horse Collar
21:38 Gillnets
22:05 Bow Saw
24:00 Heavy Plow
25:21 Gold Mining
27:02 Wheelbarrow
26:21 Stone Mining
27:46 Stone Shaft Mining
28:20 Hand Cart
29:04 Scale Mail Armor
29:43 Scale Mail Armor
32:24 Imperial Age
30:29 Forging
32:02 Chain Mail Armor
32:22 Iron Casting
31:50 Squires
33:48 Plate Mail Armor
34:42 Chemistry
34:25 Conscription
35:11 Blast Furnace
33:58 Arson
34:50 Elite Obuch
SupremeStoner
12:17 Feudal Age
16:02 Castle Age
15:12 Forging
14:52 Double-Bit Axe
18:28 Bow Saw
18:36 Loom
22:03 Horse Collar
25:21 Champi Runner
26:07 Scale Mail Armor
27:33 Forging
28:48 Wheelbarrow
27:50 Champi Warrior
29:11 Heavy Plow
29:54 Chain Mail Armor
30:28 Squires
30:13 Arson
32:58 Hand Cart
32:34 Town Watch
37:17 Imperial Age
35:17 Ballistics
35:10 Masonry
Moog
7:46 Loom
12:26 Feudal Age
13:37 Town Watch
16:32 Castle Age
15:22 Gold Mining
15:23 Double-Bit Axe
23:18 Sanctity
23:10 Fervor
22:52 Horse Collar
29:05 Redemption
35:00 Bow Saw
Potato Edition55
5:00 Loom
12:08 Feudal Age
12:54 Double-Bit Axe
19:54 Castle Age
18:20 Forging
20:30 Stone Mining
20:32 Gold Mining
21:02 Medium Warships
21:27 Bow Saw
23:52 Fletching
25:48 Bodkin Arrow
31:25 Ballistics
35:47 Imperial Age
34:50 Husbandry
35:44 Thumb Ring
Connection lost

Rejoining the realm…

Still unreachable

The connection could not be restored.

Session expired

The server has moved on; the page needs a fresh start.